 Dungeon Crawl Stone Soup version 0.30-a0-743-gbfdf073431 (webtiles) character file.

Game seed: 12694923772247901323

98 qeuew the Trooper (level 4, -2/35 HPs)
             Began as a Demonspawn Chaos Knight on Feb 6, 2023.
             Was a Plaything of Xom.
             Killed from afar by Grinder (11 damage)
             ... with a puff of flame
             ... on level 3 of the Dungeon.
             The game lasted 00:02:26 (1763 turns).

qeuew the Trooper (Demonspawn Chaos Knight)         Turns: 1763, Time: 00:02:27

Health: -2/35      AC:  5    Str: 12 (14) XL:     4   Next: 43%
Magic:  4/4        EV: 21    Int: 11 (14) God:    Xom [....*.]
Gold:   38         SH:  0    Dex:  9 (12) Spells: 3/3 levels left

rFire   . . .      SeeInvis .    a - +0 hand axe (chaos)
rCold   . . .      Faith    .    (no shield)
rNeg    . . .      Spirit   .    b - +2 leather armour
rPois   .          Reflect  .    (no helmet)
rElec   .          Harm     .    (no cloak)
rCorr   .          Rampage  .    (no gloves)
Will    .....                    (no boots)
Stlth   +                        (no amulet)
HPRegen 0.25/turn                d - +5 ring of evasion
MPRegen 0.09/turn                (no ring)

@: agile
A: foul stench 1, powered by pain 1
a: Renounce Religion


You were on level 3 of the Dungeon.
You worshipped Xom.
You were a beloved toy of Xom.
You visited 1 branch of the dungeon, and saw 3 of its levels.

You collected 38 gold pieces.

Inventory:

Hand Weapons
 a - a +0 hand axe of chaos (weapon)
Armour
 b - a +2 leather armour (worn)
Jewellery
 d - a +5 ring of evasion (left hand)
Wands
 j - a wand of acid (3) (quivered)
Scrolls
 g - 2 scrolls of fog
Potions
 e - a potion of curing
Miscellaneous
 c - a piece from Xom's chessboard (15/15)


   Skills:
 + Level 3.5 Fighting
 + Level 3.2 Axes
 + Level 2.4 Armour
 + Level 1.8 Dodging
 + Level 1.6 Evocations


You had 3 spell levels left.
You didn't know any spells.
Your spell library contained the following spells:

 Spells                   Type           Power      Damage    Failure   Level
 Necrotise                Necr           0%         1d4       41%         1
 Vampiric Draining        Necr           0%         2d6       80%         3
 Agony                    Necr           0%         N/A       100%        5


Dungeon Overview and Level Annotations

Branches:
Dungeon (3/15)

Altars:
Makhleb

Shops:
D:1 [   D:2 *

Annotations:
D:3 Grinder


Innate Abilities, Weirdness & Mutations

You may rarely emit foul miasma when damaged in melee.
You sometimes gain a little power by taking damage.


Message History

Press: ? - help, Q - select action, (/) - cycle Shift-Dir - straight line, f - Grinder
Aim: Grinder, carrying a wand of flame (13) (68% to hit)
The bolt of acid misses Grinder.
The bat barely misses you.
Unknown command.
Aiming: Corrosive Bolt
Press: ? - help, Q - select action, (/) - cycle Shift-Dir - straight line, f/p - Grinder
Aim: Grinder, carrying a wand of flame (13) (68% to hit)
The bolt of acid misses the bat.
The bolt of acid misses Grinder.
The bat barely misses you.
Unknown command.
Aiming: Corrosive Bolt
Press: ? - help, Q - select action, (/) - cycle Shift-Dir - straight line, f/p - Grinder
Aim: Grinder, carrying a wand of flame (13) (68% to hit)
The bolt of acid misses Grinder.
The bolt of acid hits the bat!
You kill the bat!
Grinder barely misses you.
Unknown command.
Aiming: Corrosive Bolt
Press: ? - help, Q - select action, (/) - cycle Shift-Dir - straight line, f/p - Grinder
Aim: Grinder, carrying a wand of flame (13) (68% to hit)
The bolt of acid hits Grinder!
Grinder is heavily wounded.
Grinder zaps a wand.
The puff of flame misses you.
Unknown command.
You hit Grinder.
Grinder convulses.
Grinder is heavily wounded.
Grinder hits you!
* * * LOW HITPOINT WARNING * * *
You writhe in agony.
* * * LOW HITPOINT WARNING * * *
You barely miss Grinder.
Grinder is heavily wounded.
Grinder hits you.
* * * LOW HITPOINT WARNING * * *
You closely miss Grinder.
Grinder is heavily wounded.
Grinder zaps a wand.
The puff of flame hits you!
You die...
Xom giggles madly!

........≈≈≈≈≈≈....
#######.≈≈_....8.... #
#.≈≈≈≈≈≈...... #$
#..≈≈≈≈≈≈≈....
#.#######..........[..
#.............+.......
###....##.#.###.....#
#....##.#.###.....#
#$.@....#...'.....##
##.5....#####......#
#......#....#......
#.†....#.##.#......
#......#.##.#......
#...$..#.##.#.#....
#......#.##.#<#.##.
#......#.#....# #
#.####.#


You could see Grinder.

Vanquished Creatures
  4 adders (D:2)
  7 bats
  6 endoplasms
  A giant cockroach (D:1)
  3 goblins
  5 hobgoblins
  10 jackals
  2 quokkas
  7 ball pythons
  A frilled lizard (D:2)
  4 kobolds
  4 rats
54 creatures vanquished.

Notes
Turn   | Place    | Note
-------+----------+-------------------------------------------
     0 | D:1      | qeuew the Demonspawn Chaos Knight began the quest for the
                  | Orb.
     0 | D:1      | Reached XP level 1. HP: 18/18 MP: 1/1
    20 | D:1      | Reached skill level 1 in Dodging
   164 | D:1      | XOM: potion effect (berserk rage)
   168 | D:1      | Gained mutation: You may rarely emit foul miasma when
                  | damaged in melee. [demonic ancestry]
   168 | D:1      | Reached XP level 2. HP: 24/24 MP: 2/2
   365 | D:1      | Found a faded altar of an unknown god.
   539 | D:1      | Reached skill level 1 in Evocations
   554 | D:1      | Found Qirint's Antique Armour Shoppe.
   564 | D:1      | Reached XP level 3. HP: 29/29 MP: 3/3
   775 | D:1      | XOM: god gift: wand of acid (7)
   880 | D:1      | XOM: cloud trail
   939 | D:2      | XOM: stat loss: -1 Dex (11/12)
  1234 | D:2      | Gained mutation: You sometimes gain a little power by
                  | taking damage. [demonic ancestry]
  1234 | D:2      | Reached XP level 4. HP: 28/35 MP: 4/4
  1331 | D:2      | Found Giaveer's General Store.
  1340 | D:2      | XOM: 2-stop teleportation journey
  1691 | D:2      | XOM: 1-stop teleportation journey
  1728 | D:3      | Found a burning altar of Makhleb.
  1749 | D:3      | Noticed Grinder
  1763 | D:3      | Killed from afar by Grinder

Illustrated notes

Levels and vault maps discovered:
D:1:      dpeg_arrival_short_road, layout_basic,
          hellmonk_ecumenical_altar_inner_sanctum, serial_shops,
          nicolae_shop_crystal
D:2:      layout_loops_ring, serial_shops, shop, small_statue_intersection
D:3:      layout_basic, grunt_dithmenos_smoke_and_mirrors,
          mainiacjoe_overflow_catwalk, kennysheep_generic_room_15, uniq_terence,
          uniq_grinder

Skill      XL: |  1  2  3 |
---------------+----------+-----
Dodging        | 1 |  1.8
Armour         | 2 |  2.4
Evocations     | 1 |  1.6
Axes           | 3 |  3.2
Fighting       | |  3.5

Action                     |  1- 3 |  4- 6 || total
---------------------------+-------+-------++-------
  Melee: Hand axe          |   130 |    46 ||   176
  Evoke: Wand              |       |     4 ||     4
    Use: Potion            |     3 |     2 ||     5
         Scroll            |     2 |     2 ||     4
   Stab: Petrifying        |     1 |       ||     1
         Sleeping          |     1 |       ||     1
 Armour: Leather armour    |    28 |    14 ||    42
  Dodge: Dodged            |   130 |    51 ||   181

Table legend: (Time is in decaauts)
 A = Elapsed time spent in this place.
 B = Non-inter-level travel time spent in this place.
 C = Inter-level travel time spent in this place.
 D = Time resting spent in this place.
 E = Time spent auto-exploring this place.
 F = Levels seen in this place.
 G = Mean time per level.
                   A        B        C        D        E       F      G
               +--------+--------+--------+--------+--------+-----+--------+
         Total |   1783 |   1727 |     56 |     31 |   1315 |   3 |  594.3 |
       Dungeon |   1783 |   1727 |     56 |     31 |   1315 |   3 |  594.3 |
               +--------+--------+--------+--------+--------+-----+--------+

Top non-repeatable levels by time:
     D:1: 948 daAuts
     D:2: 786 daAuts
     D:3: 48 daAuts
